 Dungeon Crawl Stone Soup version 0.27-a0-732-ga892ba84f6 (webtiles) character file.

Game seed: 4213876234874518117

94 rageheart7 the Poker (level 4, -3/38 HPs)
             Began as a Merfolk Abyssal Knight on Mar 23, 2021.
             Was a Follower of Lugonu.
             Slain by an orc warrior
             ... wielding a +0 trident
              (12 damage)
             ... on level 3 of the Dungeon.
             The game lasted 00:02:21 (2258 turns).

rageheart7 the Poker (Merfolk Abyssal Knight)       Turns: 2258, Time: 00:02:21

Health: -3/38      AC:  5    Str: 12 (13) XL:     4   Next: 63%
Magic:  5/5        EV: 12    Int:  8 (11) God:    Lugonu [*.....]
Gold:   103        SH:  0    Dex: 12 (13) Spells: 3/3 levels left

rFire    . . .     SeeInvis .   a - +1 spear
rCold    . . .     Faith    .   (no shield)
rNeg     . . .     Spirit   .   b - +0 leather armour
rPois    .         Reflect  .   (no helmet)
rElec    .         Harm     .   k - +1 cloak
rCorr    .         Rampage  .   (no gloves)
Will     .....                  (no boots)
Stlth    +.........             (no amulet)
HPRegen  0.12/turn              (no ring)
MPRegen  0.09/turn              (no ring)

@: hasted, very quick
A: (nimble swimmer 2), mertail
a: Renounce Religion, Depart the Abyss


You were on level 3 of the Dungeon.
You worshipped Lugonu.
Lugonu was aware of your devotion.
You visited 1 branch of the dungeon, and saw 3 of its levels.
You visited the Abyss 1 time.

You collected 103 gold pieces.

Inventory:

Hand Weapons
 a - a +1 spear (weapon)
Armour
 b - a +0 leather armour (worn)
 k - a +1 cloak (worn)
Scrolls
 f - a scroll of identify {unknown}
 g - 4 scrolls of magic mapping {unknown}
 h - a scroll of teleportation {unknown}
 i - 2 scrolls of immolation {unknown}
 j - a scroll of blinking {unknown}
 l - 2 scrolls of fog {unknown}


   Skills:
 * Level 4.6 Fighting
 * Level 5.1 Polearms
 - Level 0.6 Armour
 - Level 2.8 Dodging
 - Level 2.0 Invocations


You had 3 spell levels left.
You didn't know any spells.
Your spell library was empty.

Dungeon Overview and Level Annotations

Branches:
Dungeon (3/15)

Altars:
Ashenzari
Fedhas
Trog


Innate Abilities, Weirdness & Mutations

((You are quick and stealthy while swimming. (Stealth+, EV+, Speed+++)))
Your lower body shifts to a powerful aquatic tail in water.


Message History

The orc wizard gestures at you while chanting.
You are more confused.
You hit the orc wizard but do no damage.
The orc wizard is heavily wounded.
The orc warrior barely misses you.
You bump into the rock wall.
The orc wizard hits you with a +0 dagger.
The orc warrior barely misses you. The orc wizard casts a spell at you.
You resist with some effort.
It was a potion of degeneration.
There was something very wrong with that liquid.
You feel weakened.
You feel dopey.
You feel clumsy.
It was a potion of haste.
You feel yourself speed up. The orc wizard casts a spell at you.
You resist with some effort.
The orc warrior hits you from afar with a +0 trident!
You hit the orc wizard.
The orc wizard is severely wounded.
The orc wizard barely misses you.
You hit the orc wizard.
The orc wizard is severely wounded.
The orc warrior hits you from afar with a +0 trident.
The orc wizard barely misses you.
You're too confused to move!
The orc warrior closely misses you.
You feel better.
The orc wizard points at itself and mumbles some strange words.
The orc wizard flickers and vanishes!
Deactivating autopickup; reactivate with Ctrl-A.
You hit something. Lugonu accepts your kill.
Reactivating autopickup.
You feel a bit more experienced.
The orc warrior hits you from afar with a +0 trident!!
Ouch! That really hurt!
* * * LOW HITPOINT WARNING * * *
You feel your strength returning.
Your Polearms skill increases to level 5!
The orc warrior hits you with a +0 trident!
You die...

#.......# #.##......##.........
#.....†.###.##.....###.........
#...........##.....# #.........
########....##.....# #.#....#..
#....##.....###.#....#..
#....##.......#.#....#..
#....##.....#.#.#.####.#
#....######.#..........#
#...ooo@.##.#.#.#.######
#...#######.#.#.#.# #.###
#.....#.# #.# #.....#.#
.oo.....# #.....#.# ..o..o..#
#.....#.# ..o.....# #.....#.#
#########


You could see an orc warrior and 2 orcs.

Vanquished Creatures
  An orc wizard (D:3)
  2 adders
  A worm (D:2)
  6 ball pythons
  8 bats
  A giant cockroach (D:3)
  4 goblins
  3 hobgoblins
  3 jackals (D:3)
  3 kobolds
  An ooze (D:1)
  2 quokkas (D:3)
  2 frilled lizards
  9 rats
46 creatures vanquished.

Notes
Turn   | Place    | Note
-------+----------+-------------------------------------------
     0 | Abyss:1  | rageheart7 the Merfolk Abyssal Knight began the quest for
                  | the Orb.
     0 | Abyss:1  | Reached XP level 1. HP: 18/18 MP: 2/2
    54 | Abyss:1  | Noticed a large abomination
    55 | D:1      | Escaped the Abyss
    80 | D:1      | You fall into a shaft and drop 1 floor!
   122 | D:2      | Reached XP level 2. HP: 3/25 MP: 3/3
   581 | D:2      | Found a bloodstained altar of Trog.
   931 | D:1      | Reached XP level 3. HP: 30/30 MP: 4/4
   993 | D:1      | Reached * piety under Lugonu
  1117 | D:1      | Reached skill level 4 in Polearms
  1255 | D:1      | Found a broken altar of Ashenzari.
  1955 | D:3      | Found a blossoming altar of Fedhas.
  1998 | D:3      | Reached XP level 4. HP: 37/38 MP: 5/5
  2234 | D:3      | Noticed an orc warrior
  2258 | D:3      | Reached skill level 5 in Polearms
  2258 | D:3      | Slain by an orc warrior

Illustrated notes

Levels and vault maps discovered:
D:1:      scummos_arrival_simple_fountains, layout_rooms,
          nicolae_ashenzari_panopticon
D:2:      layout_basic, lemuel_crystal_altar, minmay_misc_feat_cross
D:3:      layout_basic, okawaru_gym_becter, fedhas_altar_2,
          minmay_misc_feat_square, tso_altar

Skill      XL: |  1  2  3  4 |
---------------+-------------+-----
Fighting       | 4 |  4.6
Polearms       | 4 5 |  5.1
Armour         | |  0.6
Dodging        | |  2.8
Invocations    | |  2.0

Action                   |  1- 3 |  4- 6 || total
-------------------------+-------+-------++-------
Melee: Spear             |   121 |    33 ||   154
Invok: Depart the Abyss  |     1 |       ||     1
  Use: Potion            |       |     4 ||     4
Armor: Leather armour    |    28 |     9 ||    37
Dodge: Dodged            |    64 |    36 ||   100

Table legend: (Time is in decaauts)
 A = Elapsed time spent in this place.
 B = Non-inter-level travel time spent in this place.
 C = Inter-level travel time spent in this place.
 D = Time resting spent in this place.
 E = Time spent auto-exploring this place.
 F = Levels seen in this place.
 G = Mean time per level.
                   A        B        C        D        E       F      G
               +--------+--------+--------+--------+--------+-----+--------+
         Total |   2240 |   2152 |     88 |    375 |   1503 |   4 |  560.0 |
       Dungeon |   2185 |   2097 |     88 |    375 |   1450 |   3 |  728.3 |
         Abyss |     55 |     55 |      0 |      0 |     53 |   1 |   55.0 |
               +--------+--------+--------+--------+--------+-----+--------+

Top non-repeatable levels by time:
     D:2: 1066 daAuts
     D:1: 634 daAuts
     D:3: 484 daAuts
 Abyss:1: 55 daAuts
